 Dungeon Crawl Stone Soup version 0.25.1-8-g42b30a86e7 (webtiles) character file.

Game seed: 17523933222855935991

13267 DearestLeader the Frost Mage (level 12, -1/80 HPs)
             Began as a Merfolk Ice Elementalist on Dec 3, 2020.
             Was a High Priest of Vehumet.
             Slain by a five-headed hydra (3 damage)
             ... on level 1 of the Lair of Beasts on Dec 4, 2020.
             The game lasted 00:32:26 (15087 turns).

DearestLeader the Frost Mage (MfIE)                Turns: 15087, Time: 00:32:27

Health: -1/80      AC: 10    Str: 12    XL:     12   Next: 4%
Magic:  20/23      EV: 18    Int: 18    God:    Vehumet [*****.]
Gold:   542        SH:  0    Dex: 15    Spells: 12/26 levels left

rFire    + + .     SeeInvis .   z - +6 dagger of the Illusory Coins {vorpal, rC+ Str+3}
rCold    + + .     Gourm    .   (no shield)
rNeg     . . .     Faith    .   t - +2 robe {rC+ rF+}
rPois    .         Spirit   .   G - +1 helmet
rElec    .         Reflect  .   u - +2 cloak
rCorr    .         Harm     .   (no gloves)
MR       +....                  A - +0 pair of boots
Stlth    ++........             F - amulet of magic regeneration
HPRegen  0.23/turn              M - ring of protection from fire
MPRegen  0.43/turn              p - ring of protection from magic

@: lethally poisoned (-1 -> -8), frozen ramparts
A: change form in water, swift swim, stealthy swim
a: Renounce Religion


You were on level 1 of the Lair of Beasts.
You worshipped Vehumet.
Vehumet was extremely pleased with you.
You were hungry.

You visited 3 branches of the dungeon, and saw 13 of its levels.
You also visited: Sewer.

You collected 682 gold pieces.
You spent 140 gold pieces at shops.

Inventory:

Hand Weapons
 w - a +3 short sword of flaming
 z - the +6 dagger of the Illusory Coins (weapon) {vorpal, rC+ Str+3}
   (You found it on level 5 of the Dungeon)

   It inflicts extra damage upon your enemies.
   It affects your strength (+3).
   It protects you from cold.
Missiles
 h - 2 atropa-tipped darts
 n - 46 poisoned darts
 y - 6 javelins (quivered)
Armour
 l - a +2 robe of magic resistance
 t - a +2 robe of resistance (worn)
 u - a +2 cloak (worn)
 A - a +0 pair of boots (worn)
 G - a +1 helmet (worn)
Jewellery
 d - an uncursed ring of flight
 p - a ring of protection from magic (right hand)
 C - an uncursed ring of protection from cold {unknown}
 E - an uncursed ring of resist corrosion
 F - an amulet of magic regeneration (around neck)
 M - a ring of protection from fire (left hand)
 R - an uncursed amulet of reflection
Wands
 v - a wand of iceblast (27)
 B - a wand of flame (21)
 H - a wand of digging (7)
 L - a wand of paralysis (13)
 P - a wand of disintegration (8)
Scrolls
 a - 3 scrolls of teleportation
 b - 2 scrolls of remove curse
 k - 2 scrolls of amnesia
 r - 6 scrolls of fear
 x - 2 scrolls of blinking
 D - a scroll of summoning
 I - a scroll of torment {unknown}
 O - a scroll of magic mapping
 S - 2 scrolls of identify
 U - a scroll of immolation {unknown}
Potions
 e - 3 potions of heal wounds
 f - 3 potions of haste
 g - a potion of berserk rage {unknown}
 i - 5 potions of curing
 j - 2 potions of mutation
 m - a potion of lignification {unknown}
 o - 2 potions of magic {unknown}
 q - 4 potions of brilliance {unknown}
 s - 7 potions of flight
 J - a potion of degeneration {unknown}
 K - a potion of ambrosia {unknown}
 Q - 2 potions of stabbing {unknown}
 T - a potion of might {unknown}
Comestibles
 c - 18 rations


   Skills:
 + Level 2.8 Fighting
 + Level 8.4 Short Blades
 + Level 9.5 Dodging
 - Level 2.1 Stealth
 + Level 7.9 Spellcasting
 + Level 0.4 Charms
 * Level 13.8 Ice Magic
 - Level 6.0 Poison Magic


You had 12 spell levels left.
You knew the following spells:

 Your Spells              Type           Power        Failure   Level  Hunger
a - Freeze                Ice            ####         1%          1    None
b - Frozen Ramparts       Ice            ######       1%          3    #......
c - Hailstorm             Conj/Ice       ####....     1%          4    ###....
d - Ozocubu's Armour      Chrm/Ice       ####....     1%          3    #......
e - Mephitic Cloud        Conj/Pois/Air  ##......     3%          3    #......

Your spell library contained the following spells:

 Spells                   Type           Power        Failure   Level  Hunger
 Fireball                 Conj/Fire      #.........   54%         5    #####..
 Summon Ice Beast         Ice/Summ       ####....     6%          4    ###....


Dungeon Overview and Level Annotations

Branches:
Dungeon (11/15)            Temple (1/1) D:5            Lair (1/6) D:11
    Orc (0/2) D:9           Sewer (visited)

Altars:
Elyvilon
Makhleb
Qazlal
Sif Muna
Trog
Uskayaw
Vehumet
Xom
Yredelemnul

Shops:
D:11 ?


Message History

The five-headed hydra bites you but does no damage.
The five-headed hydra bites you.
* * * LOW HITPOINT WARNING * * *
The five-headed hydra misses you. The five-headed hydra bites you.
* * * LOW HITPOINT WARNING * * *
The wall freezes the water moccasin!
The water moccasin barely misses you.
Casting: Freeze (safe; 1% risk of failure)
Confirm with . or Enter, or press ? or * to list all spells.
Aiming: Freeze (safe; 1% risk of failure)
Press: ? - help, Shift-Dir - straight line, f/p - five-headed hydra
Aim: a five-headed hydra (heavily wounded, slow)
You freeze the five-headed hydra!
The five-headed hydra is severely wounded.
* * * LOW HITPOINT WARNING * * *
You feel sick.
The wall freezes the five-headed hydra!
The five-headed hydra seems to slow down.
The five-headed hydra bites you!
* * * LOW HITPOINT WARNING * * *
The five-headed hydra misses you. The five-headed hydra bites you.
You die...

### ######@# .
###....DS#
..###........#
.#...........#
.............#
.............#
#.....<.....#
...........###
...............


You could see a five-headed hydra (slow) and a water moccasin (slow).

Vanquished Creatures
  A hydra (D:11)
  2 two-headed ogres
  Sonja (D:11)
  An unseen horror (D:10)
  Pikel (D:8)
  A spiny frog (D:11)
  4 trolls
  15 yaks
  4 hogs (D:10)
  A hungry ghost (D:10)
  A human (D:10)
  3 wargs (D:11)
  5 sky beasts
  5 orc warriors
  3 ogres
  3 ice beasts
  A black bear (D:6)
  3 centaurs
  4 phantoms (D:9)
  2 crocodiles
  4 big kobolds
  6 bullfrogs
  An elf skeleton (D:8)
  2 scorpions (D:7)
  4 howler monkeys
  4 crimson imps
  A human zombie (D:8)
  A quasit (D:5)
  A bullfrog zombie (D:5)
  3 jellies
  7 orc priests
  6 hounds
  A centaur skeleton (D:11)
  A gnoll shaman (D:6)
  2 bullfrog skeletons
  Jessica (D:3)
  2 human skeletons (D:8)
  5 iguanas
  8 orc wizards
  11 worker ants
  2 hound zombies
  4 hound skeletons
  5 gnolls (D:6)
  14 adders
  2 river rats (Sewer)
  3 shadow imps
  2 oozes
  An adder zombie (D:7)
  2 adder skeletons
  5 worms
  2 dart slugs
  7 leopard geckos
  38 orcs
  9 bats
  5 giant cockroaches
  8 goblins
  9 hobgoblins
  10 jackals
  34 kobolds
  11 quokkas
  2 ball pythons (D:3)
  7 frilled lizards
  A leopard gecko skeleton (D:6)
  A leopard gecko zombie (D:9)
  An orc skeleton (D:8)
  An orc zombie (D:8)
  A quokka zombie (D:5)
  10 rats
329 creatures vanquished.

Vanquished Creatures (others)
  A slave (D:8)
  A bullfrog (D:8)
  3 worms (D:8)
  A leopard gecko (D:8)
  3 jackals (D:8)
  2 rats (D:8)
11 creatures vanquished.

Grand Total: 340 creatures vanquished

Notes
Turn   | Place    | Note
-------+----------+-------------------------------------------
     0 | D:1      | DearestLeader the Merfolk Ice Elementalist began the quest
                  | for the Orb.
     0 | D:1      | Reached XP level 1. HP: 13/13 MP: 3/3
   383 | D:1      | Reached XP level 2. HP: 19/19 MP: 3/5
   443 | D:1      | Reached skill level 5 in Ice Magic
   932 | D:1      | Reached XP level 3. HP: 18/24 MP: 4/6
  1044 | D:1      | Learned a level 3 spell: Frozen Ramparts
  1736 | D:2      | Noticed a bullfrog
  1766 | D:2      | Killed a bullfrog
  1766 | D:2      | Reached skill level 6 in Ice Magic
  1766 | D:2      | Reached XP level 4. HP: 27/30 MP: 2/7
  2136 | D:2      | Reached XP level 5. HP: 26/35 MP: 1/8
  3222 | D:3      | Found a glowing drain.
  3229 | D:3      | Noticed a centaur
  3244 | D:3      | Killed a centaur
  3244 | D:3      | Reached skill level 7 in Ice Magic
  3244 | D:3      | Reached XP level 6. HP: 17/41 MP: 2/10
  3272 | Sewer    | Entered a sewer
  3682 | Sewer    | Found a glowing silver altar of Zin.
  3828 | D:3      | Noticed Jessica
  3840 | D:3      | Killed Jessica
  3986 | D:3      | Reached skill level 8 in Ice Magic
  5066 | D:4      | Reached XP level 7. HP: 46/46 MP: 8/12
  6075 | D:4      | Learned a level 4 spell: Hailstorm
  6079 | D:4      | Learned a level 3 spell: Ozocubu's Armour
  6265 | D:4      | Reached skill level 9 in Ice Magic
  6436 | D:5      | Entered Level 5 of the Dungeon
  6663 | D:5      | Found a staircase to the Ecumenical Temple.
  6695 | Temple   | Entered the Ecumenical Temple
  6725 | Temple   | Became a worshipper of Vehumet
  6948 | D:5      | Reached XP level 8. HP: 38/52 MP: 10/14
  6950 | D:5      | Reached skill level 1 in Short Blades
  7069 | D:5      | Got a smoking dagger
  7069 | D:5      | Identified the +6 dagger of the Illusory Coins {vorpal, rC+
                  | Str+3} (You found it on level 5 of the Dungeon)
  7815 | D:6      | Reached skill level 10 in Ice Magic
  7915 | D:6      | Reached * piety under Vehumet
  7915 | D:6      | Offered knowledge of Foxfire by Vehumet.
  7952 | D:6      | Reached skill level 5 in Spellcasting
  8380 | D:6      | Reached XP level 9. HP: 49/57 MP: 16/16
  8464 | D:6      | Found a shimmering blue altar of Sif Muna.
  8705 | D:6      | Found a shimmering altar of Xom.
  8920 | D:7      | Reached ** piety under Vehumet
  8920 | D:7      | Offered knowledge of Sandblast by Vehumet.
  9063 | D:7      | Reached skill level 5 in Dodging
  9126 | D:7      | Reached skill level 11 in Ice Magic
  9668 | D:8      | Noticed Pikel
  9680 | D:8      | Killed Pikel
  9680 | D:8      | Reached skill level 5 in Short Blades
  9921 | D:8      | Found a white marble altar of Elyvilon.
  9944 | D:8      | Noticed a two-headed ogre
  9968 | D:8      | Killed a two-headed ogre
  9968 | D:8      | Reached XP level 10. HP: 29/63 MP: 12/19
  9974 | D:8      | Reached skill level 12 in Ice Magic
 10290 | D:8      | Noticed a moth of wrath
 10293 | D:8      | Found a bloodstained altar of Trog.
 10360 | D:8      | Found a stormy altar of Qazlal.
 10360 | D:8      | Found a burning altar of Makhleb.
 10361 | D:8      | Found a hide-covered altar of Uskayaw.
 11040 | D:9      | Offered knowledge of Mephitic Cloud by Vehumet.
 11045 | D:9      | Learned a level 3 spell: Mephitic Cloud
 11165 | D:9      | Reached skill level 1 in Poison Magic
 11226 | D:9      | Reached *** piety under Vehumet
 11669 | D:9      | Offered knowledge of Sticky Flame by Vehumet.
 11792 | D:9      | Found a staircase to the Orcish Mines.
 11808 | D:10     | Entered Level 10 of the Dungeon
 11907 | D:10     | Reached XP level 11. HP: 22/68 MP: 21/21
 12496 | D:10     | Reached **** piety under Vehumet
 12555 | D:10     | Killed an unseen horror
 12555 | D:10     | Reached skill level 13 in Ice Magic
 12833 | D:10     | Reached skill level 5 in Poison Magic
 13364 | D:11     | Found Orenaw's Magic Scroll Boutique.
 13364 | D:11     | Noticed a two-headed ogre
 13377 | D:11     | Killed a two-headed ogre
 13425 | D:11     | Offered knowledge of Stone Arrow by Vehumet.
 13465 | D:11     | Bought a scroll of teleportation for 42 gold pieces
 13465 | D:11     | Bought a scroll of magic mapping for 49 gold pieces
 13465 | D:11     | Bought a scroll of fear for 49 gold pieces
 13512 | D:11     | Identified the +5 leather armour "Goecab" {-Cast rPois
                  | SInv}
 13745 | D:11     | Noticed a four-headed hydra
 13762 | D:11     | Killed a four-headed hydra
 13897 | D:11     | Reached skill level 1 in Fighting
 13946 | D:11     | Found a hide-covered altar of Uskayaw.
 13946 | D:11     | Noticed Sonja
 13971 | D:11     | Killed Sonja
 14243 | D:11     | Found a staircase to the Lair.
 14674 | D:11     | Reached ***** piety under Vehumet
 14694 | D:11     | Reached XP level 12. HP: 75/80 MP: 23/23
 14804 | D:11     | Offered knowledge of Fireball by Vehumet.
 14875 | Lair:1   | Entered Level 1 of the Lair of Beasts
 14875 | Lair:1   | Noticed a five-headed hydra
 15087 | Lair:1   | HP: 2/80 [five-headed hydra (7)]
 15087 | Lair:1   | Slain by a five-headed hydra

Illustrated notes

Levels and vault maps discovered:
D:1:      minmay_arrival_stone_box, layout_basic, chequers_garden,
          minmay_crystal_water
D:2:      layout_basic, first_ration
D:3:      layout_loops_ring, cheibrodos_sewer_entry_drain,
          roderic_roman_lattice, minmay_cupped, uniq_jessica
D:4:      layout_loops_ring, kennysheep_generic_room_5
D:5:      layout_cave_pods, minmay_temple_entry_gardened_gates,
          grunt_decor_arrowhead, minmay_misc_feat_tiny
D:6:      layout_loops_ring, marbit_many_paths, kennysheep_mini_moat
D:7:      layout_cave_pools
D:8:      layout_gridville, elyvilon_altar_3, tgw_trog,
          gammafunk_temple_overflow_claw, nicolae_ossuary_entry_catacombs,
          uniq_pikel
D:9:      layout_cave_pools, orc_0_dummy
D:10:     lemuel_ice_spiral_2, layout_stronghold, grunt_livestock
D:11:     layout_roguey, erik_lair_orcish_takeover, basic_altar,
          serial_corexii_hall, corexii_hall_statues_i,
          chequers_hall_statues_wall_a, serial_shops, nicolae_shop_stone,
          uniq_sonja
Temple:   regret_index_temple_generic_petals
Lair:1:   layout_gridlike, basic_altar, special_room [special_room_bee]

Skill      XL: |  1  2  3  4  5  6  7  8  9 10 11 |
---------------+----------------------------------+-----
Ice Magic      | 5 6 7 8 9 10 11 12 13 | 13.8
Spellcasting   | 3 4 5 6 7 |  7.9
Short Blades   | 3 5 7 8 |  8.4
Dodging        | 4 6 8 9 |  9.5
Poison Magic   | 4 6 |  6.0
Fighting       | 2 |  2.8
Stealth        | |  2.1
Charms         | |  0.4

Action                   |  1- 3 |  4- 6 |  7- 9 | 10-12 || total
-------------------------+-------+-------+-------+-------++-------
Melee: Dagger            |    49 |    43 |   121 |   326 ||   539
       Short sword       |       |       |    93 |       ||    93
       Tailslap          |       |       |     1 |       ||     1
 Fire: Hunting sling     |       |   119 |     4 |       ||   123
Throw: Javelin           |       |       |     8 |       ||     8
 Cast: Freeze            |    23 |    25 |    14 |     8 ||    70
       Frozen Ramparts   |     1 |    24 |    24 |    43 ||    92
       Hailstorm         |       |       |       |    10 ||    10
  Use: Scroll            |       |     6 |     9 |     4 ||    19
       Potion            |       |       |       |     4 ||     4
 Stab: Sleeping          |     7 |     2 |    14 |     8 ||    31
       Distracted        |       |       |     1 |       ||     1
  Eat: Chunk             |     2 |    14 |    17 |    20 ||    53
Armor: Robe              |    11 |    14 |    56 |    65 ||   146
Dodge: Dodged            |    29 |    91 |   188 |   223 ||   531
